 Dungeon Sprint DCSS version 0.31-a0-18-gea43df2a32 (webtiles) character file.

Game seed: 6626995623964301033

1750 sircluck the Grappler (level 8, -5/138 HPs)
             Began as a Troll Berserker on May 9, 2023.
             Was an Elder of Trog.
             Succumbed to Sonja's poison
             ... in the Dungeon (Sprint I: "Red Sonja").
             The game lasted 00:01:27 (259 turns).

sircluck the Grappler (Troll Berserker)              Turns: 259, Time: 00:01:28

Health: -5/138     AC:  4    Str: 28    XL:     8   Next: 78%
Magic:  7/7        EV: 12    Int:  3    God:    Trog [****..]
Gold:   405        SH:  0    Dex:  9    Spells: 7/7 levels left

rFire   . .          .
                       - Unarmed
rCold   . . .        (no shield)
rNeg    . . .        a - +0 animal skin
rPois   .            (helmet restricted)
rElec   .            (no cloak)
rCorr   .            (gloves unavailable)
SInv    .            (boots unavailable)
Will    .....        (no amulet) Stlth
                     (no ring)
HPRegen 1.23/turn    (no ring)
MPRegen 0.10/turn

%: no teleportation
@: berserking, lethally poisoned (-5 -> -48), very quick
A: large, unfitting armour, claws 3, regeneration 1, shaggy fur 1, tough skin 1
a: Renounce Religion, Berserk, Trog's Hand, Brothers in Arms


You were in the Dungeon.
You worshipped Trog.
Trog was greatly pleased with you.
You visited 1 branch You collected 405 gold pieces.

Inventory:

Armour
 a - a +0 animal skin (worn)
Wands
 h - a wand of paralysis (4)
Scrolls
 g - a scroll of blinking
 i - a scroll of torment {unknown}
Potions
 b - 2 potions of curing
 c - a potion of heal wounds
 d - a potion of haste
 e - 2 potions of magic
 f - a potion of berserk rage


   Skills:
 + Level 9.2 Fighting
 + Level 8.8 Dodging
 + Level 3.4 Stealth
 + Level 12.5 Unarmed Combat
 + Level 1.0 Evocations


You had 7 spell levels left.
You didn't know any spells.
Your spell library was empty.

Dungeon Overview and Level Annotations

Branches:
Dungeon (1/1)

Altars:
Cheibriados
Dithmenos
Elyvilon
Fedhas
Gozag
Hepliaklqana
Kikubaaqudgha
Makhleb
Nemelex Xobeh
Okawaru
Qazlal
Ru
Sif Muna
Trog
Uskayaw
Vehumet
Wu Jian
Xom
Yredelemnul
Zin
The Shining One
Jiyva
Lugonu

Shops:
D !


Innate Abilities, Weirdness & Mutations

You are too large for most types of armour.
You have claws for hands.
Your natural rate of healing is unusually fast.
You are covered in fur. (AC +1)
You have tough skin. (AC +1)


Message History

You feel extremely sick.
You closely miss Sonja.
Sonja is heavily wounded.
You feel extremely sick.
Sonja hits you with a +1 dagger of venom!
You are lethally poisoned!
Sonja hits you with a +1 dagger of venom.
You are more poisoned.
Sonja closely misses you.
You miss Sonja.
Sonja is heavily wounded.
* * * LOW HITPOINT WARNING * * *
You feel extremely sick.
Sonja hits you with a +1 dagger of venom.
* * * LOW HITPOINT WARNING * * *
You are more poisoned.
Sonja barely misses you.
Sonja hits you with a +1 dagger of venom.
* * * LOW HITPOINT WARNING * * *
You are more poisoned.
You mangle Sonja!!
You feel the power of Trog in you as your rage grows.
You kill Sonja!
Trog accepts your kill.
Trog appreciates your killing of a magic user.
* * * LOW HITPOINT WARNING * * *
You feel extremely sick.
Your Fighting skill increases to level 9!
Your Stealth skill increases to level 3!
Your Unarmed Combat skill increases to level 12!
Your Evocations skill increases to level 1!
* * * LOW HITPOINT WARNING * * *
You feel extremely sick.
You see here 27 gold pieces.
Okay, then.
You feel a strong urge to attack something.
* * * LOW HITPOINT WARNING * * *
You feel extremely sick.
Unknown command.
You die...

#..####..#...#.####
#####
#..#__####..##:#
#..#_____##'#_.+
#⌠⌠#_.∩...'..._#
####_..__##_.#'#
#_____###'#.#
#########.### +$.$+
#$@$# ##.## #+#


There were no monsters in sight!

Vanquished Creatures
  Sonja (D)
  2 kobold demonologists (D)
  A slime creature (D)
  Sigmund (D)
  A yak (D)
  A floating eye (D)
  An ogre (D)
  A jelly (D)
  Ijyb (D)
10 creatures vanquished.

Notes
Turn   | Place    | Note
-------+----------+-------------------------------------------
     0 | D        | sircluck the Troll Berserker began the quest for the Orb.
     0 | D        | Reached XP level 1. HP: 22/22 MP: 0/0
     1 | D        | Noticed Ijyb
     4 | D        | Killed Ijyb
     5 | D        | Reached skill level 4 in Unarmed Combat
     5 | D        | Reached XP level 2. HP: 29/31 MP: 1/1
    10 | D        | Noticed an ogre
    16 | D        | Killed an ogre
    17 | D        | Reached skill level 5 in Fighting
    17 | D        | Reached skill level 5 in Dodging
    17 | D        | Reached skill level 6 in Unarmed Combat
    17 | D        | Reached XP level 3. HP: 26/42 MP: 2/2
    17 | D        | Reached XP level 4. HP: 31/50 MP: 3/3
    45 | D        | Noticed Sigmund
    49 | D        | Killed Sigmund
    49 | D        | Reached ** piety under Trog
    50 | D        | Reached skill level 1 in Stealth
    50 | D        | Reached skill level 7 in Unarmed Combat
    50 | D        | Reached XP level 5. HP: 59/59 MP: 4/4
    63 | D        | Found an ornate altar of the Wu Jian Council.
    63 | D        | Found a shimmering blue altar of Sif Muna.
    65 | D        | Found a radiant altar of Vehumet.
    70 | D        | Reached skill level 8 in Unarmed Combat
    70 | D        | Reached XP level 6. HP: 57/68 MP: 5/5
    85 | D        | Found a burning altar of Makhleb.
    85 | D        | Found a viscous altar of Jiyva.
    85 | D        | Found a shimmering altar of Xom.
    85 | D        | Found a corrupted altar of Lugonu.
    85 | D        | Noticed a slime creature
    93 | D        | Killed a slime creature
    94 | D        | Reached skill level 9 in Unarmed Combat
   134 | D        | Found Mohapeho's Distillery.
   134 | D        | Found an ancient bone altar of Kikubaaqudgha.
   134 | D        | Found a hazy altar of Hepliaklqana.
   134 | D        | Found a hide-covered altar of Uskayaw.
   134 | D        | Found a basalt altar of Yredelemnul.
   134 | D        | Found an opulent altar of Gozag.
   134 | D        | Found a snail-covered altar of Cheibriados.
   134 | D        | Found a sacrificial altar of Ru.
   134 | D        | Found a shadowy altar of Dithmenos.
   134 | D        | Noticed a yak
   135 | D        | Found a stormy altar of Qazlal.
   135 | D        | Found a blossoming altar of Fedhas.
   135 | D        | Found a bloodstained altar of Trog.
   135 | D        | Found an iron altar of Okawaru.
   135 | D        | Found a glowing golden altar of the Shining One.
   135 | D        | Found a glowing silver altar of Zin.
   135 | D        | Found a white marble altar of Elyvilon.
   137 | D        | Killed a yak
   137 | D        | Reached *** piety under Trog
   138 | D        | Reached XP level 7. HP: 78/78 MP: 6/6
   138 | D        | Found a sparkling altar of Nemelex Xobeh.
   166 | D        | Noticed a kobold demonologist
   167 | D        | Noticed a kobold demonologist
   169 | D        | Reached skill level 10 in Unarmed Combat
   172 | D        | Noticed a rust devil
   175 | D        | Noticed a smoke demon
   182 | D        | Killed a kobold demonologist
   183 | D        | Reached skill level 11 in Unarmed Combat
   184 | D        | Killed a kobold demonologist
   184 | D        | Reached **** piety under Trog
   185 | D        | Reached XP level 8. HP: 22/89 MP: 7/7
   244 | D        | Noticed Sonja
   256 | D        | Killed Sonja
   257 | D        | Reached skill level 12 in Unarmed Combat
   257 | D        | Reached skill level 1 in Evocations
   258 | D        | HP: 3/138 [poisoned by Sonja]
   259 | D        | Succumbed to Sonja's poison

Illustrated notes

Levels and vault maps discovered:
D:        dungeon_sprint_1 [red_sonja_temple_1, red_sonja_temple_small_1]

Skill      XL: |  1  2  3  4  5  6  7  8 |
---------------+-------------------------+-----
Fighting       | 3 5 6 7 8 9 |  9.2
Dodging        | 3 5 6 7 8 |  8.8
Unarmed Combat | 4 6 7 8 9 11 12 | 12.5
Stealth        | 1 2 3 |  3.4
Evocations     | 1 |  1.0

Action                     |  1- 3 |  4- 6 |  7- 9 || total
---------------------------+-------+-------+-------++-------
  Melee: Unarmed           |     7 |    13 |    23 ||    43
         Punch             |     2 |     1 |     2 ||     5
 Invoke: Berserk           |       |       |     1 ||     1
  Evoke: Wand              |     1 |     1 |       ||     2
   Stab: Paralysed         |       |     2 |       ||     2
         Sleeping          |       |     1 |     1 ||     2
 Armour: Animal skin       |       |       |     3 ||     3
  Dodge: Dodged            |     2 |     5 |    12 ||    19

Table legend: (Time is in decaauts)
 A = Elapsed time spent in this place.
 B = Non-inter-level travel time spent in this place.
 C = Inter-level travel time spent in this place.
 D = Time resting spent in this place.
 E = Time spent auto-exploring this place.
 F = Levels seen in this place.
 G = Mean time per level.
                   A        B        C        D        E       F      G
               +--------+--------+--------+--------+--------+-----+--------+
         Total |    249 |    217 |     32 |     47 |     88 |   1 |  249.0 |
       Dungeon |    249 |    217 |     32 |     47 |     88 |   1 |  249.0 |
               +--------+--------+--------+--------+--------+-----+--------+

Top non-repeatable levels by time:
       D: 249 daAuts
